Penguins vs Bruins
Created - April 18, 2020 at 19:10
Goals
|
| Penguins |
1 |
0 |
1 |
0 |
2 |
3 |
| Bruins |
0 |
1 |
1 |
0 |
1 |
2 |
|
Shots
|
| Penguins |
10 |
2 |
15 |
1 |
8 |
28 |
| Bruins |
11 |
10 |
14 |
3 |
8 |
38 |
|
1st period
1. Penguins , Tomas Plekanec 4 (Victor Hedman 24, Tuomo Ruutu 3) at 12:27
Penalties :
Keith Aulie (Pit) for Goalie Interference (Minor) at 8:16
2nd period
2. Bruins , Dave Bolland 16 (Rene Bourque 6, T.J Galiardi 15) at 2:12
Penalties :
Victor Hedman (Pit) for Hooking (Minor) at 6:42, Shane O'Brien (Bos) for Holding (Minor) at 9:33, Michal Neuvirth (Pit) for Delaying the game (Minor) at 11:47 - Keith Aulie served the penalty, Dustin Brown (Pit) for Hooking (Minor) at 15:36
3rd period
3. Penguins , Steven Stamkos 35 (Andrew Cogliano 25) at 10:58
4. Bruins , Zack Kassian 25 (Jonathan Toews 45, Jason Demers 38) at 19:18
Penalties :
Mike Ribeiro (Bos) for Hooking (Minor) at 2:08
Overtime #1
No Goal
Penalties :
No Penalty
Shootout
Penguins, Claude Giroux - Stopped by Josh Tordjman
Bruins, Wojtek Wolski - Stopped by Michal Neuvirth
Penguins, Steven Stamkos - Shot Misses the Net
Bruins, Jonathan Toews - Stopped by Michal Neuvirth
Penguins, Sean Bergenheim - Stopped by Josh Tordjman
Bruins, Zack Kassian - Stopped by Michal Neuvirth
Penguins, Andrew Cogliano - Stopped by Josh Tordjman
Bruins, Scott Hartnell - Stopped by Michal Neuvirth
Penguins, Marcus Foligno - Stopped by Josh Tordjman
Bruins, Victor Oreskovich - Stopped by Michal Neuvirth
Penguins, Logan Couture - Stopped by Josh Tordjman
Bruins, Mattias Tedenby - Shot Misses the Net
Penguins, Ales Hemsky - Goal!
Bruins, Mike Ribeiro - Goal!
Penguins, Tuomo Ruutu - Goal!
Bruins, Jason Demers - Stopped by Michal Neuvirth
Penalties :
No Penalty
Goalie Stats
Michal Neuvirth (Pit), 36 saves from 38 shots - (0.947), W, 32-22-5, 65:00 minutes
Josh Tordjman (Bos), 26 saves from 28 shots - (0.929), OTL, 3-7-4, 64:58 minutes
Players Stats for Penguins
Player Name G A P +/- PIM S H SB GA TA FO MP PP MP PK MP
------------------------------------------------------------------------------------
Ales Hemsky 0 0 0 1 0 0 0 0 0 0 0/0 7:44 0:00 0:00
Andrew Cogliano 0 1 1 1 0 5 1 2 0 1 0/2 22:07 2:19 1:35
Cal Clutterbuck 0 0 0 -1 0 1 2 0 1 1 0/0 13:55 0:00 2:27
Claude Giroux 0 0 0 -1 0 2 2 0 0 0 2/5 20:38 2:19 3:55
Danny DeKeiser 0 0 0 2 0 1 2 1 0 1 0/0 22:27 1:30 4:28
Dustin Brown 0 0 0 1 2 2 1 2 0 2 1/1 17:29 1:39 0:00
Eric Gryba 0 0 0 -1 0 0 3 1 0 2 0/0 15:38 0:00 3:58
Joe Colborne 0 0 0 -1 0 2 1 1 1 0 3/8 11:14 0:00 0:00
Keith Aulie 0 0 0 -1 2 1 0 0 0 1 0/0 29:58 2:28 1:51
Logan Couture 0 0 0 0 0 1 2 0 0 1 5/11 17:05 1:39 1:34
Marcus Foligno 0 0 0 -1 0 1 1 1 0 0 0/0 12:51 0:00 0:00
Matt Corrente 0 0 0 -1 0 0 2 0 1 0 0/0 11:10 0:00 0:00
Sean Bergenheim 0 0 0 -1 0 1 1 0 1 0 0/1 19:46 1:39 3:54
Sean Zimmerman 0 0 0 -1 0 2 1 2 0 0 0/0 29:15 1:30 3:58
Steven Stamkos 1 0 1 0 0 6 5 0 2 1 19/31 23:19 2:19 2:27
Tomas Plekanec 1 0 1 1 0 1 1 0 0 0 0/1 7:44 0:00 0:00
Tuomo Ruutu 0 1 1 1 0 1 1 0 0 0 0/0 7:44 0:00 0:00
Victor Hedman 0 1 1 2 2 1 0 2 0 0 0/0 21:57 2:28 1:37
Players Stats for Bruins
Player Name G A P +/- PIM S H SB GA TA FO MP PP MP PK MP
------------------------------------------------------------------------------------
Brendan Smith 0 0 0 0 0 0 2 0 0 0 0/0 8:02 1:14 0:00
Casey Cizikas 0 0 0 0 0 0 1 0 0 0 3/4 7:18 0:00 0:00
Dave Bolland 1 0 1 1 0 4 1 0 0 0 2/3 11:58 0:00 0:00
Jason Demers 0 1 1 1 0 4 3 0 1 1 0/0 31:29 4:54 2:15
Johnny Boychuk 0 0 0 -1 0 3 1 1 1 0 0/0 23:36 3:33 2:07
Jonathan Toews 0 1 1 -1 0 3 1 0 1 2 16/30 25:29 4:32 2:00
Kevin Bieksa 0 0 0 0 0 3 0 1 1 1 0/0 25:46 3:16 0:56
Kris Chucko 0 0 0 0 0 0 0 0 0 0 0/0 8:38 0:00 0:57
Mattias Tedenby 0 0 0 0 0 1 3 0 0 0 0/0 7:14 0:00 0:00
Mike Ribeiro 0 0 0 0 2 1 2 0 0 1 5/13 16:38 3:24 0:00
Rene Bourque 0 1 1 1 0 0 2 1 0 0 0/0 11:58 0:00 0:00
Samuel Morin 0 0 0 0 0 1 3 0 0 0 0/0 17:37 0:00 1:52
Scott Hartnell 0 0 0 0 0 2 2 1 0 0 1/1 18:55 3:24 1:01
Shane O'Brien 0 0 0 0 2 2 2 2 0 0 0/0 23:28 2:55 0:46
T.J Galiardi 0 1 1 1 0 4 1 0 0 1 0/2 12:17 0:00 0:57
Victor Oreskovich 0 0 0 0 0 3 1 0 3 0 1/1 16:34 3:24 0:00
Wojtek Wolski 0 0 0 -1 0 1 2 0 1 0 2/5 25:29 4:32 2:00
Zack Kassian 1 0 1 -1 0 6 0 0 2 0 0/1 23:34 4:32 1:01
3 Stars
1 - Michal Neuvirth (Pit)
2 - Steven Stamkos (Pit)
3 - Tomas Plekanec (Pit)
Power Play
Penguins - 0 on 2 Attempt(s) - 0.00%
Bruins - 0 on 4 Attempt(s) - 0.00%
Penalty Kill
Penguins - 4 on 4 Attempt(s) - 100.00%
- Score 0 goal in Penalty Kill
Bruins - 2 on 2 Attempt(s) - 100.00%
- Score 0 goal in Penalty Kill
Team Stat
Penguins - Hits : 26 - Faceoff Wins : 30 - Blocked Shots : 12 - Penalty Minutes : 8
Bruins - Hits : 27 - Faceoff Wins : 30 - Blocked Shots : 6 - Penalty Minutes : 4
Official
Referees : Unknown
Linesman : Unknown
Game Notes
Brendan Smith is injured at 18:45 of 1st period (Left Eye)
Finance
Level 1 -- Attendance: 4392 (73.20%) -- Ticket Income $544,608
Level 2 -- Attendance: 3997 (79.94%) -- Ticket Income $299,775
Level 3 -- Attendance: 1587 (79.35%) -- Ticket Income $69,828
Level 4 -- Attendance: 4000 (100.00%) -- Ticket Income $116,000
Luxury Box -- Attendance: 641 (64.10%) -- Ticket Income $140,379
Game was played at the TD Banknorth Garden.
Total Attendance: 14617 (81.21%)
Total Ticket Income: $1,170,590
Other Income: $175,588
Total Income: $1,346,178
Penguins
5 vs 5 Forward
Center Left Wing Right Wing Time % Phy DF OF
1 Steven Stamkos Andrew Cogliano Dustin Brown 40 0 2 3
2 Logan Couture Sean Bergenheim Claude Giroux 30 0 2 3
3 Joe Colborne Marcus Foligno Cal Clutterbuck 20 0 2 3
4 Tomas Plekanec Tuomo Ruutu Ales Hemsky 10 0 2 3
5 vs 5 Defense
Defense Defense Time % Phy DF OF
1 Sean Zimmerman Keith Aulie 40 1 2 2
2 Danny DeKeiser Victor Hedman 30 1 2 2
3 Eric Gryba Matt Corrente 20 1 2 2
4 Sean Zimmerman Keith Aulie 10 1 2 2
PowerPlay Forward
Center Left Wing Right Wing Time % Phy DF OF
1 Steven Stamkos Andrew Cogliano Claude Giroux 60 0 0 5
2 Logan Couture Sean Bergenheim Dustin Brown 40 0 0 5
PowerPlay Defense
Defense Defense Time % Phy DF OF
1 Victor Hedman Keith Aulie 60 0 1 4
2 Sean Zimmerman Danny DeKeiser 40 0 1 4
Penalty Kill 4 Players Forward
Center Wing Time % Phy DF OF
1 Claude Giroux Sean Bergenheim 60 0 5 0
2 Steven Stamkos Cal Clutterbuck 40 0 5 0
Penalty Kill 4 Players Defense
Defense Defense Time % Phy DF OF
1 Sean Zimmerman Keith Aulie 60 1 4 0
2 Danny DeKeiser Eric Gryba 40 1 4 0
Penalty Kill - 3 Players Forward
Forward Time % Phy DF OF
1 Claude Giroux 60 0 5 0
2 Steven Stamkos 40 0 5 0
Penalty Kill - 3 Players Defense
Defense Defense Time % Phy DF OF
1 Sean Zimmerman Keith Aulie 60 1 4 0
2 Danny DeKeiser Eric Gryba 40 1 4 0
4 vs 4 Forward
Center Wing Time % Phy DF OF
1 Steven Stamkos Andrew Cogliano 60 0 2 3
2 Claude Giroux Sean Bergenheim 40 0 2 3
4 vs 4 Defense
Defense Defense Time % Phy DF OF
1 Sean Zimmerman Keith Aulie 60 1 2 2
2 Danny DeKeiser Victor Hedman 40 1 2 2
Last Minutes Offensive
Center Left Wing Right Wing Defense Defense
Steven Stamkos Sean Bergenheim Claude Giroux Victor Hedman Keith Aulie
Last Minutes Defensive
Center Left Wing Right Wing Defense Defense
Steven Stamkos Sean Bergenheim Claude Giroux Sean Zimmerman Keith Aulie
Goaltenders
Starting : Michal Neuvirth
Backup : Sergei Bobrovsky
Extra Forwards
Normal : Claude Giroux, Steven Stamkos, Marcus Foligno - PP : Claude Giroux, Steven Stamkos - PK : Claude Giroux
Extra Defensemen
Normal : Sean Zimmerman, Danny DeKeiser, Eric Gryba - PP : Victor Hedman - PK : Sean Zimmerman, Danny DeKeiser
Penalty Shots
Claude Giroux, Steven Stamkos, Sean Bergenheim, Andrew Cogliano, Marcus Foligno
Scratches
Michael Raffl (Healthy)
Bruins
5 vs 5 Forward
Center Left Wing Right Wing Time % Phy DF OF
1 Jonathan Toews Wojtek Wolski Zack Kassian 40 1 2 2
2 Mike Ribeiro Scott Hartnell Victor Oreskovich 30 1 2 2
3 Dave Bolland T.J Galiardi Rene Bourque 20 1 2 2
4 Casey Cizikas Kris Chucko Mattias Tedenby 10 1 2 2
5 vs 5 Defense
Defense Defense Time % Phy DF OF
1 Jason Demers Brendan Smith 40 1 2 2
2 Shane O'Brien Johnny Boychuk 30 1 2 2
3 Kevin Bieksa Samuel Morin 20 1 2 2
4 Jason Demers Brendan Smith 10 1 2 2
PowerPlay Forward
Center Left Wing Right Wing Time % Phy DF OF
1 Jonathan Toews Wojtek Wolski Zack Kassian 60 1 2 2
2 Mike Ribeiro Scott Hartnell Victor Oreskovich 40 1 2 2
PowerPlay Defense
Defense Defense Time % Phy DF OF
1 Jason Demers Brendan Smith 60 1 2 2
2 Shane O'Brien Johnny Boychuk 40 1 2 2
Penalty Kill 4 Players Forward
Center Wing Time % Phy DF OF
1 Wojtek Wolski Jonathan Toews 60 1 2 2
2 Zack Kassian Scott Hartnell 40 1 2 2
Penalty Kill 4 Players Defense
Defense Defense Time % Phy DF OF
1 Jason Demers Brendan Smith 60 1 2 2
2 Shane O'Brien Johnny Boychuk 40 1 2 2
Penalty Kill - 3 Players Forward
Forward Time % Phy DF OF
1 Wojtek Wolski 60 1 2 2
2 Jonathan Toews 40 1 2 2
Penalty Kill - 3 Players Defense
Defense Defense Time % Phy DF OF
1 Jason Demers Brendan Smith 60 1 2 2
2 Shane O'Brien Johnny Boychuk 40 1 2 2
4 vs 4 Forward
Center Wing Time % Phy DF OF
1 Wojtek Wolski Jonathan Toews 60 1 2 2
2 Zack Kassian Scott Hartnell 40 1 2 2
4 vs 4 Defense
Defense Defense Time % Phy DF OF
1 Jason Demers Brendan Smith 60 1 2 2
2 Shane O'Brien Johnny Boychuk 40 1 2 2
Last Minutes Offensive
Center Left Wing Right Wing Defense Defense
Jonathan Toews Wojtek Wolski Zack Kassian Jason Demers Brendan Smith
Last Minutes Defensive
Center Left Wing Right Wing Defense Defense
Jonathan Toews Wojtek Wolski Zack Kassian Jason Demers Brendan Smith
Goaltenders
Starting : Josh Tordjman
Backup : Kevin Poulin
Extra Forwards
Normal : Dave Bolland, Rene Bourque, T.J Galiardi - PP : Dave Bolland, Rene Bourque - PK : T.J Galiardi
Extra Defensemen
Normal : Kevin Bieksa, Samuel Morin, Shane O'Brien - PP : Kevin Bieksa - PK : Samuel Morin, Shane O'Brien
Penalty Shots
Wojtek Wolski, Jonathan Toews, Zack Kassian, Scott Hartnell, Victor Oreskovich
Scratches
Adam Pelech (Healthy)
% Time on Ice - Penguins
Lines # - Real PCT - Wanted PCT - Time Play
Normal Forward
1 - 34% - 40% - 16:06
2 - 27% - 30% - 12:41
3 - 24% - 20% - 11:14
4 - 16% - 10% - 7:44
Normal Defense
1 - 41% - 40% - 19:46
2 - 30% - 30% - 14:33
3 - 23% - 20% - 11:10
4 - 5% - 10% - 2:16
PP Forward
1 - 58% - 60% - 2:19
2 - 42% - 40% - 1:39
PP Defense
1 - 62% - 60% - 2:28
2 - 38% - 40% - 1:30
PK Forward
1 - 69% - 60% - 5:29
2 - 31% - 40% - 2:27
PK Defense
1 - 64% - 60% - 5:03
2 - 36% - 40% - 2:53
PK3 Forward
1 - 0% - 60%
2 - 0% - 40%
PK3 Defense
1 - 0% - 60%
2 - 0% - 40%
44 Forward
1 - 83% - 60% - 4:09
2 - 17% - 40% - 0:51
44 Defense
1 - 70% - 60% - 3:29
2 - 30% - 40% - 1:31
Last Minute Offensive - 0:00
Last Minute Defensive - 0:21
Total
Forward - 65:00
Defense - 65:00
|
% Time on Ice - Bruins
Lines # - Real PCT - Wanted PCT - Time Play
Normal Forward
1 - 34% - 40% - 16:25
2 - 28% - 30% - 13:13
3 - 23% - 20% - 10:53
4 - 15% - 10% - 7:14
Normal Defense
1 - 43% - 40% - 20:31
2 - 31% - 30% - 14:46
3 - 20% - 20% - 9:32
4 - 6% - 10% - 2:56
PP Forward
1 - 57% - 60% - 4:32
2 - 43% - 40% - 3:24
PP Defense
1 - 74% - 60% - 5:50
2 - 26% - 40% - 2:06
PK Forward
1 - 74% - 60% - 2:57
2 - 26% - 40% - 1:01
PK Defense
1 - 70% - 60% - 2:47
2 - 30% - 40% - 1:11
PK3 Forward
1 - 0% - 60%
2 - 0% - 40%
PK3 Defense
1 - 0% - 60%
2 - 0% - 40%
44 Forward
1 - 74% - 60% - 3:43
2 - 26% - 40% - 1:17
44 Defense
1 - 88% - 60% - 4:25
2 - 12% - 40% - 0:35
Last Minute Offensive - 0:21
Last Minute Defensive - 0:00
Total
Forward - 65:00
Defense - 65:00
|
Play-by-Play
1st period
0:01 of 1st period - Steven Stamkos wins face-off versus Jonathan Toews in neutral zone.
1:49 of 1st period - Off-side.
1:50 of 1st period - Steven Stamkos wins face-off versus Mike Ribeiro in neutral zone.
2:17 of 1st period - Cal Clutterbuck is hit by Jason Demers.
2:21 of 1st period - Snap shot by Joe Colborne.
2:21 of 1st period - Stopped by Josh Tordjman with a rebound.
2:23 of 1st period - Wrist shot by Keith Aulie.
2:23 of 1st period - Stopped by Josh Tordjman with a rebound.
3:59 of 1st period - Samuel Morin is hit by Eric Gryba and loses puck.
4:50 of 1st period - Victor Hedman is hit by Shane O'Brien and loses puck.
5:13 of 1st period - Marcus Foligno is hit by Brendan Smith and loses puck.
5:32 of 1st period - Snap shot by T.J Galiardi.
5:32 of 1st period - Stopped by Michal Neuvirth with a rebound.
5:34 of 1st period - Slapshot by Jason Demers.
5:34 of 1st period - Stopped by Michal Neuvirth without a rebound.
5:35 of 1st period - Steven Stamkos wins face-off versus Mike Ribeiro in Penguins zone.
6:00 of 1st period - Jonathan Toews is hit by Sean Zimmerman and loses puck.
6:25 of 1st period - Wrist shot by Casey Cizikas.
6:25 of 1st period - Deflect By Kris Chucko.
6:25 of 1st period - Shot Blocked by Sean Zimmerman.
6:25 of 1st period - Puck is out of play.
6:26 of 1st period - Casey Cizikas wins face-off versus Steven Stamkos in Penguins zone.
7:01 of 1st period - Brendan Smith is hit by Matt Corrente and loses puck.
7:44 of 1st period - Slapshot by Victor Oreskovich.
7:44 of 1st period - Shot Blocked by Eric Gryba.
7:46 of 1st period - Snap shot by Victor Oreskovich.
7:46 of 1st period - Stopped by Michal Neuvirth with a rebound.
7:48 of 1st period - Wrist shot by Johnny Boychuk.
7:48 of 1st period - Deflect By Victor Oreskovich.
7:48 of 1st period - Stopped by Michal Neuvirth without a rebound.
7:49 of 1st period - Steven Stamkos wins face-off versus Jonathan Toews in Penguins zone.
7:49 of 1st period - Steven Stamkos is hit by Wojtek Wolski.
8:03 of 1st period - Slapshot by Andrew Cogliano.
8:03 of 1st period - Stopped by Josh Tordjman with a rebound.
8:05 of 1st period - Backhand shot by Steven Stamkos.
8:05 of 1st period - Shot Misses the Net.
8:16 of 1st period - Minor Penalty to Keith Aulie for Goalie Interference.
8:17 of 1st period - Claude Giroux wins face-off versus Jonathan Toews in Penguins zone.
8:56 of 1st period - Sean Zimmerman is hit by Mike Ribeiro and loses puck.
10:14 of 1st period - Wojtek Wolski is hit by Eric Gryba and loses puck.
10:16 of 1st period - Penalty to Keith Aulie is over, Keith Aulie is back on ice.
10:48 of 1st period - Samuel Morin is hit by Steven Stamkos and loses puck.
12:25 of 1st period - Snap shot by Victor Hedman.
12:25 of 1st period - Shot Misses the Net.
12:27 of 1st period - Backhand shot by Tomas Plekanec.
12:27 of 1st period - Goal by Tomas Plekanec - Penguins : 1 - Bruins : 0.
12:28 of 1st period - Steven Stamkos wins face-off versus Jonathan Toews in neutral zone.
12:33 of 1st period - Wrist shot by Andrew Cogliano.
12:33 of 1st period - Stopped by Josh Tordjman with a rebound.
12:35 of 1st period - Wrist shot by Dustin Brown.
12:35 of 1st period - Stopped by Josh Tordjman with a rebound.
13:35 of 1st period - Icing by Tuomo Ruutu.
13:36 of 1st period - Casey Cizikas wins face-off versus Tomas Plekanec in Penguins zone.
13:41 of 1st period - Snap shot by Zack Kassian.
13:41 of 1st period - Shot Blocked by Danny DeKeiser.
13:43 of 1st period - Wrist shot by Wojtek Wolski.
13:43 of 1st period - Shot Misses the Net.
13:45 of 1st period - Slapshot by Samuel Morin.
13:45 of 1st period - Stopped by Michal Neuvirth with a rebound.
13:47 of 1st period - Slapshot by Kevin Bieksa.
13:47 of 1st period - Deflect By Zack Kassian.
13:47 of 1st period - Stopped by Michal Neuvirth without a rebound.
13:48 of 1st period - Steven Stamkos wins face-off versus Zack Kassian in Penguins zone.
13:53 of 1st period - Slapshot by Sean Zimmerman.
13:53 of 1st period - Stopped by Josh Tordjman with a rebound.
14:03 of 1st period - Slapshot by Zack Kassian.
14:03 of 1st period - Stopped by Michal Neuvirth with a rebound.
14:05 of 1st period - Wrist shot by Jason Demers.
14:05 of 1st period - Deflect By Wojtek Wolski.
14:05 of 1st period - Shot Misses the Net.
14:05 of 1st period - Puck is out of play.
14:06 of 1st period - Logan Couture wins face-off versus Mike Ribeiro in Penguins zone.
14:21 of 1st period - Snap shot by Scott Hartnell.
14:21 of 1st period - Stopped by Michal Neuvirth without a rebound.
14:22 of 1st period - Jonathan Toews wins face-off versus Steven Stamkos in Penguins zone.
14:27 of 1st period - Wrist shot by Zack Kassian.
14:27 of 1st period - Stopped by Michal Neuvirth with a rebound.
14:29 of 1st period - Wrist shot by Zack Kassian.
14:29 of 1st period - Shot Blocked by Dustin Brown.
14:49 of 1st period - Logan Couture is hit by Scott Hartnell and loses puck.
15:11 of 1st period - Icing by Marcus Foligno.
15:12 of 1st period - Casey Cizikas wins face-off versus Joe Colborne in Penguins zone.
15:21 of 1st period - Wrist shot by Cal Clutterbuck.
15:21 of 1st period - Stopped by Josh Tordjman without a rebound.
15:22 of 1st period - Jonathan Toews wins face-off versus Andrew Cogliano in Bruins zone.
15:31 of 1st period - Wrist shot by Dustin Brown.
15:31 of 1st period - Deflect By Andrew Cogliano.
15:31 of 1st period - Shot Hit the Post.
15:31 of 1st period - Puck is out of play.
15:32 of 1st period - Steven Stamkos wins face-off versus Jonathan Toews in Bruins zone.
16:57 of 1st period - Snap shot by Zack Kassian.
16:57 of 1st period - Stopped by Michal Neuvirth with a rebound.
16:59 of 1st period - Slapshot by Johnny Boychuk.
16:59 of 1st period - Shot Misses the Net.
17:01 of 1st period - Wrist shot by Jonathan Toews.
17:01 of 1st period - Shot Blocked by Andrew Cogliano.
17:03 of 1st period - Slapshot by Shane O'Brien.
17:03 of 1st period - Deflect By Jonathan Toews.
17:03 of 1st period - Stopped by Michal Neuvirth without a rebound.
17:04 of 1st period - Mike Ribeiro wins face-off versus Logan Couture in Penguins zone.
17:05 of 1st period - Wrist shot by Victor Oreskovich.
17:05 of 1st period - Shot Misses the Net.
17:31 of 1st period - Cal Clutterbuck is hit by Brendan Smith and loses puck.
17:54 of 1st period - Wrist shot by Joe Colborne.
17:54 of 1st period - Shot Blocked by Kevin Bieksa.
17:56 of 1st period - Snap shot by Tomas Plekanec.
17:56 of 1st period - Shot Misses the Net.
18:44 of 1st period - Brendan Smith is hit by Tomas Plekanec and loses puck.
18:45 of 1st period - Brendan Smith from Bruins is injured at 18:45 of 1st period (Left Eye).
18:46 of 1st period - Steven Stamkos wins face-off versus Mike Ribeiro in Bruins zone.
18:53 of 1st period - Snap shot by Steven Stamkos.
18:53 of 1st period - Stopped by Josh Tordjman with a rebound.
18:55 of 1st period - Backhand shot by Andrew Cogliano.
18:55 of 1st period - Stopped by Josh Tordjman with a rebound.
18:57 of 1st period - Wrist shot by Andrew Cogliano.
18:57 of 1st period - Deflect By Steven Stamkos.
18:57 of 1st period - Shot Blocked by Scott Hartnell.
18:57 of 1st period - Puck is out of play.
18:58 of 1st period - Steven Stamkos wins face-off versus Jonathan Toews in Bruins zone.
19:04 of 1st period - Off-side.
19:05 of 1st period - Dustin Brown wins face-off versus Jonathan Toews in neutral zone.
19:08 of 1st period - Wojtek Wolski is hit by Steven Stamkos.
19:35 of 1st period - Off-side.
19:36 of 1st period - Victor Oreskovich wins face-off versus Logan Couture in neutral zone.
19:39 of 1st period - Slapshot by Johnny Boychuk.
19:39 of 1st period - Shot Blocked by Victor Hedman.
Goals for this period are 1 for Penguins vs 0 for Bruins.
Shots for this period are 10 for Penguins vs 11 for Bruins.
2nd period
0:01 of 2nd period - Jonathan Toews wins face-off versus Steven Stamkos in neutral zone.
0:01 of 2nd period - Jonathan Toews is hit by Dustin Brown.
0:26 of 2nd period - Logan Couture is hit by Mike Ribeiro and loses puck.
0:59 of 2nd period - Snap shot by Cal Clutterbuck.
0:59 of 2nd period - Shot Misses the Net.
1:29 of 2nd period - Jonathan Toews is hit by Steven Stamkos and loses puck.
1:36 of 2nd period - Victor Hedman is hit by Jonathan Toews.
1:50 of 2nd period - Claude Giroux is hit by Samuel Morin and loses puck.
2:10 of 2nd period - Snap shot by T.J Galiardi.
2:10 of 2nd period - Shot Blocked by Joe Colborne.
2:12 of 2nd period - Slapshot by Rene Bourque.
2:12 of 2nd period - Deflect By Dave Bolland.
2:12 of 2nd period - Goal by Dave Bolland - Penguins : 1 - Bruins : 1.
2:13 of 2nd period - Jonathan Toews wins face-off versus Steven Stamkos in neutral zone.
3:14 of 2nd period - Wrist shot by Ales Hemsky.
3:14 of 2nd period - Shot Blocked by Rene Bourque.
4:07 of 2nd period - Slapshot by Jason Demers.
4:07 of 2nd period - Stopped by Michal Neuvirth with a rebound.
4:54 of 2nd period - Off-side.
4:55 of 2nd period - Joe Colborne wins face-off versus Jonathan Toews in neutral zone.
4:58 of 2nd period - Shane O'Brien is hit by Cal Clutterbuck and loses puck.
5:07 of 2nd period - Wrist shot by Cal Clutterbuck.
5:07 of 2nd period - Shot Blocked by Shane O'Brien.
5:09 of 2nd period - Slapshot by Victor Hedman.
5:09 of 2nd period - Stopped by Josh Tordjman without a rebound.
5:10 of 2nd period - Mike Ribeiro wins face-off versus Andrew Cogliano in Bruins zone.
5:21 of 2nd period - Backhand shot by Mike Ribeiro.
5:21 of 2nd period - Stopped by Michal Neuvirth without a rebound.
5:22 of 2nd period - Steven Stamkos wins face-off versus Jonathan Toews in Penguins zone.
5:29 of 2nd period - Snap shot by Jonathan Toews.
5:29 of 2nd period - Shot Misses the Net.
5:37 of 2nd period - Wrist shot by Zack Kassian.
5:37 of 2nd period - Stopped by Michal Neuvirth with a rebound.
5:39 of 2nd period - Slapshot by Shane O'Brien.
5:39 of 2nd period - Stopped by Michal Neuvirth with a rebound.
6:05 of 2nd period - Scott Hartnell is hit by Claude Giroux and loses puck.
6:14 of 2nd period - Sean Bergenheim is hit by Shane O'Brien and loses puck.
6:25 of 2nd period - Snap shot by Scott Hartnell.
6:25 of 2nd period - Shot Misses the Net.
6:39 of 2nd period - Snap shot by Scott Hartnell.
6:39 of 2nd period - Stopped by Michal Neuvirth without a rebound.
6:40 of 2nd period - Steven Stamkos wins face-off versus Jonathan Toews in Penguins zone.
6:42 of 2nd period - Minor Penalty to Victor Hedman for Hooking.
6:43 of 2nd period - Jonathan Toews wins face-off versus Claude Giroux in Penguins zone.
7:09 of 2nd period - Scott Hartnell is hit by Danny DeKeiser and loses puck.
8:18 of 2nd period - Jason Demers is hit by Eric Gryba and loses puck.
8:42 of 2nd period - Penalty to Victor Hedman is over, Victor Hedman is back on ice.
8:56 of 2nd period - Slapshot by Ales Hemsky.
8:56 of 2nd period - Deflect By Tuomo Ruutu.
8:56 of 2nd period - Stopped by Josh Tordjman without a rebound.
8:57 of 2nd period - Steven Stamkos wins face-off versus Dave Bolland in Bruins zone.
9:23 of 2nd period - Matt Corrente is hit by Mattias Tedenby and loses puck.
9:33 of 2nd period - Minor Penalty to Shane O'Brien for Holding.
9:34 of 2nd period - Steven Stamkos wins face-off versus Wojtek Wolski in Bruins zone.
11:33 of 2nd period - Penalty to Shane O'Brien is over, Shane O'Brien is back on ice.
11:47 of 2nd period - Snap shot by Dave Bolland.
11:47 of 2nd period - Stopped by Michal Neuvirth without a rebound.
11:47 of 2nd period - Minor Penalty to Michal Neuvirth for Delaying the game.
11:48 of 2nd period - Jonathan Toews wins face-off versus Claude Giroux in Penguins zone.
13:47 of 2nd period - Penalty to Keith Aulie is over, Keith Aulie is back on ice.
13:55 of 2nd period - Logan Couture is hit by Rene Bourque and loses puck.
14:00 of 2nd period - Snap shot by Dave Bolland.
14:00 of 2nd period - Shot Blocked by Andrew Cogliano.
14:02 of 2nd period - Snap shot by T.J Galiardi.
14:02 of 2nd period - Stopped by Michal Neuvirth without a rebound.
14:03 of 2nd period - Joe Colborne wins face-off versus Casey Cizikas in Penguins zone.
14:20 of 2nd period - Casey Cizikas is hit by Marcus Foligno and loses puck.
15:11 of 2nd period - Icing by Scott Hartnell.
15:12 of 2nd period - Mike Ribeiro wins face-off versus Sean Bergenheim in Bruins zone.
15:21 of 2nd period - Off-side.
15:22 of 2nd period - Jonathan Toews wins face-off versus Steven Stamkos in neutral zone.
15:36 of 2nd period - Minor Penalty to Dustin Brown for Hooking.
15:37 of 2nd period - Jonathan Toews wins face-off versus Claude Giroux in Penguins zone.
15:43 of 2nd period - Slapshot by Zack Kassian.
15:43 of 2nd period - Shot Misses the Net.
15:53 of 2nd period - Slapshot by Wojtek Wolski.
15:53 of 2nd period - Stopped by Michal Neuvirth without a rebound.
15:54 of 2nd period - Claude Giroux wins face-off versus Jonathan Toews in Penguins zone.
16:05 of 2nd period - Snap shot by Jonathan Toews.
16:05 of 2nd period - Shot Misses the Net.
16:07 of 2nd period - Slapshot by Kevin Bieksa.
16:07 of 2nd period - Shot Misses the Net.
16:21 of 2nd period - Cal Clutterbuck is hit by Jason Demers and loses puck.
17:10 of 2nd period - Zack Kassian is hit by Logan Couture and loses puck.
17:36 of 2nd period - Penalty to Dustin Brown is over, Dustin Brown is back on ice.
18:04 of 2nd period - Backhand shot by Kris Chucko.
18:04 of 2nd period - Deflect By Mattias Tedenby.
18:04 of 2nd period - Stopped by Michal Neuvirth with a rebound.
18:06 of 2nd period - Snap shot by Kris Chucko.
18:06 of 2nd period - Shot Misses the Net.
18:24 of 2nd period - Victor Oreskovich is hit by Joe Colborne and loses puck.
18:43 of 2nd period - Matt Corrente is hit by Dave Bolland and loses puck.
19:07 of 2nd period - Mattias Tedenby is hit by Tuomo Ruutu and loses puck.
19:41 of 2nd period - Jason Demers is hit by Steven Stamkos.
19:50 of 2nd period - Jonathan Toews is hit by Steven Stamkos and loses puck.
Goals for this period are 0 for Penguins vs 1 for Bruins.
Shots for this period are 2 for Penguins vs 10 for Bruins.
3rd period
0:01 of 3rd period - Jonathan Toews wins face-off versus Steven Stamkos in neutral zone.
0:29 of 3rd period - Wrist shot by Claude Giroux.
0:29 of 3rd period - Stopped by Josh Tordjman with a rebound.
1:33 of 3rd period - Snap shot by Steven Stamkos.
1:33 of 3rd period - Stopped by Josh Tordjman with a rebound.
1:35 of 3rd period - Slapshot by Danny DeKeiser.
1:35 of 3rd period - Shot Misses the Net.
1:37 of 3rd period - Snap shot by Danny DeKeiser.
1:37 of 3rd period - Stopped by Josh Tordjman without a rebound.
1:38 of 3rd period - Jonathan Toews wins face-off versus Steven Stamkos in Bruins zone.
1:57 of 3rd period - Slapshot by Steven Stamkos.
1:57 of 3rd period - Deflect By Zack Kassian.
1:57 of 3rd period - Stopped by Josh Tordjman without a rebound.
1:58 of 3rd period - Logan Couture wins face-off versus Mike Ribeiro in Bruins zone.
2:08 of 3rd period - Minor Penalty to Mike Ribeiro for Hooking.
2:09 of 3rd period - Steven Stamkos wins face-off versus Wojtek Wolski in Bruins zone.
2:14 of 3rd period - Slapshot by Claude Giroux.
2:14 of 3rd period - Stopped by Josh Tordjman without a rebound.
2:15 of 3rd period - Wojtek Wolski wins face-off versus Steven Stamkos in Bruins zone.
4:08 of 3rd period - Penalty to Mike Ribeiro is over, Mike Ribeiro is back on ice.
4:18 of 3rd period - Slapshot by Mike Ribeiro.
4:18 of 3rd period - Shot Blocked by Marcus Foligno.
4:22 of 3rd period - Wrist shot by Mike Ribeiro.
4:22 of 3rd period - Shot Misses the Net.
4:24 of 3rd period - Snap shot by Johnny Boychuk.
4:24 of 3rd period - Stopped by Michal Neuvirth with a rebound.
4:26 of 3rd period - Wrist shot by Victor Oreskovich.
4:26 of 3rd period - Shot Blocked by Victor Hedman.
5:45 of 3rd period - Ales Hemsky is hit by Mattias Tedenby and loses puck.
5:52 of 3rd period - Jason Demers is hit by Danny DeKeiser and loses puck.
5:59 of 3rd period - Danny DeKeiser is hit by Mattias Tedenby and loses puck.
6:18 of 3rd period - Tomas Plekanec is hit by Scott Hartnell and loses puck.
6:31 of 3rd period - Wrist shot by Sean Bergenheim.
6:31 of 3rd period - Stopped by Josh Tordjman without a rebound.
6:32 of 3rd period - Jonathan Toews wins face-off versus Logan Couture in Bruins zone.
6:39 of 3rd period - Sean Bergenheim is hit by Wojtek Wolski and loses puck.
6:48 of 3rd period - Snap shot by Wojtek Wolski.
6:48 of 3rd period - Deflect By Zack Kassian.
6:48 of 3rd period - Shot Misses the Net.
6:48 of 3rd period - Puck is out of play.
6:49 of 3rd period - Steven Stamkos wins face-off versus Mike Ribeiro in Penguins zone.
6:58 of 3rd period - Jason Demers is hit by Matt Corrente and loses puck.
7:24 of 3rd period - Snap shot by Zack Kassian.
7:24 of 3rd period - Shot Misses the Net.
7:26 of 3rd period - Wrist shot by Wojtek Wolski.
7:26 of 3rd period - Shot Misses the Net.
9:00 of 3rd period - Snap shot by Sean Bergenheim.
9:00 of 3rd period - Shot Misses the Net.
9:12 of 3rd period - Slapshot by Joe Colborne.
9:12 of 3rd period - Shot Misses the Net.
9:40 of 3rd period - Slapshot by Kris Chucko.
9:40 of 3rd period - Shot Blocked by Dustin Brown.
9:42 of 3rd period - Snap shot by Mattias Tedenby.
9:42 of 3rd period - Shot Misses the Net.
9:58 of 3rd period - Wrist shot by Sean Bergenheim.
9:58 of 3rd period - Shot Misses the Net.
10:00 of 3rd period - Wrist shot by Logan Couture.
10:00 of 3rd period - Shot Blocked by Johnny Boychuk.
10:02 of 3rd period - Snap shot by Logan Couture.
10:02 of 3rd period - Deflect By Claude Giroux.
10:02 of 3rd period - Shot Misses the Net.
10:02 of 3rd period - Puck is out of play.
10:03 of 3rd period - Joe Colborne wins face-off versus Mike Ribeiro in Bruins zone.
10:12 of 3rd period - Slapshot by Marcus Foligno.
10:12 of 3rd period - Stopped by Josh Tordjman without a rebound.
10:13 of 3rd period - Scott Hartnell wins face-off versus Joe Colborne in Bruins zone.
10:18 of 3rd period - Joe Colborne is hit by Jason Demers and loses puck.
10:46 of 3rd period - Snap shot by Joe Colborne.
10:46 of 3rd period - Stopped by Josh Tordjman without a rebound.
10:47 of 3rd period - Steven Stamkos wins face-off versus Jonathan Toews in Bruins zone.
10:58 of 3rd period - Wrist shot by Steven Stamkos.
10:58 of 3rd period - Goal by Steven Stamkos - Penguins : 2 - Bruins : 1.
10:59 of 3rd period - Jonathan Toews wins face-off versus Steven Stamkos in neutral zone.
11:12 of 3rd period - Snap shot by Wojtek Wolski.
11:12 of 3rd period - Shot Misses the Net.
11:48 of 3rd period - Slapshot by Kevin Bieksa.
11:48 of 3rd period - Stopped by Michal Neuvirth without a rebound.
11:49 of 3rd period - Jonathan Toews wins face-off versus Joe Colborne in Penguins zone.
11:54 of 3rd period - Wrist shot by Jonathan Toews.
11:54 of 3rd period - Stopped by Michal Neuvirth with a rebound.
11:56 of 3rd period - Snap shot by Shane O'Brien.
11:56 of 3rd period - Stopped by Michal Neuvirth with a rebound.
11:58 of 3rd period - Slapshot by Johnny Boychuk.
11:58 of 3rd period - Stopped by Michal Neuvirth with a rebound.
12:16 of 3rd period - Joe Colborne is hit by T.J Galiardi and loses puck.
13:05 of 3rd period - Snap shot by Zack Kassian.
13:05 of 3rd period - Shot Misses the Net.
13:07 of 3rd period - Slapshot by Jason Demers.
13:07 of 3rd period - Stopped by Michal Neuvirth with a rebound.
13:09 of 3rd period - Snap shot by Wojtek Wolski.
13:09 of 3rd period - Deflect By Jonathan Toews.
13:09 of 3rd period - Stopped by Michal Neuvirth without a rebound.
13:10 of 3rd period - Steven Stamkos wins face-off versus Jonathan Toews in Penguins zone.
13:25 of 3rd period - Keith Aulie is hit by Samuel Morin and loses puck.
13:38 of 3rd period - Wrist shot by Victor Oreskovich.
13:38 of 3rd period - Stopped by Michal Neuvirth without a rebound.
13:39 of 3rd period - Logan Couture wins face-off versus Mike Ribeiro in Penguins zone.
13:39 of 3rd period - Logan Couture is hit by Victor Oreskovich.
13:49 of 3rd period - Slapshot by Johnny Boychuk.
13:49 of 3rd period - Stopped by Michal Neuvirth without a rebound.
13:50 of 3rd period - Steven Stamkos wins face-off versus Jonathan Toews in Penguins zone.
14:57 of 3rd period - Backhand shot by Andrew Cogliano.
14:57 of 3rd period - Stopped by Josh Tordjman with a rebound.
14:59 of 3rd period - Slapshot by Sean Zimmerman.
14:59 of 3rd period - Stopped by Josh Tordjman with a rebound.
15:01 of 3rd period - Snap shot by Dustin Brown.
15:01 of 3rd period - Stopped by Josh Tordjman with a rebound.
15:03 of 3rd period - Slapshot by Sean Zimmerman.
15:03 of 3rd period - Shot Hit the Post.
15:05 of 3rd period - Wrist shot by Andrew Cogliano.
15:05 of 3rd period - Stopped by Josh Tordjman without a rebound.
15:06 of 3rd period - Dave Bolland wins face-off versus Joe Colborne in Bruins zone.
15:06 of 3rd period - Dave Bolland is hit by Cal Clutterbuck.
15:28 of 3rd period - Icing by Kevin Bieksa.
15:29 of 3rd period - Logan Couture wins face-off versus T.J Galiardi in Bruins zone.
16:01 of 3rd period - Wrist shot by T.J Galiardi.
16:01 of 3rd period - Stopped by Michal Neuvirth with a rebound.
16:15 of 3rd period - Snap shot by T.J Galiardi.
16:15 of 3rd period - Stopped by Michal Neuvirth without a rebound.
16:16 of 3rd period - Mike Ribeiro wins face-off versus Logan Couture in Penguins zone.
16:53 of 3rd period - Snap shot by Steven Stamkos.
16:53 of 3rd period - Shot Blocked by Shane O'Brien.
17:03 of 3rd period - Cal Clutterbuck is hit by Casey Cizikas and loses puck.
18:17 of 3rd period - Snap shot by Cal Clutterbuck.
18:17 of 3rd period - Shot Misses the Net.
18:43 of 3rd period - Icing by Jonathan Toews.
18:44 of 3rd period - Jonathan Toews wins face-off versus Logan Couture in Bruins zone.
18:51 of 3rd period - Wrist shot by Sean Bergenheim.
18:51 of 3rd period - Shot Misses the Net.
18:53 of 3rd period - Snap shot by Logan Couture.
18:53 of 3rd period - Stopped by Josh Tordjman with a rebound.
18:55 of 3rd period - Snap shot by Claude Giroux.
18:55 of 3rd period - Shot Misses the Net.
18:57 of 3rd period - Snap shot by Danny DeKeiser.
18:57 of 3rd period - Deflect By Claude Giroux.
18:57 of 3rd period - Shot Misses the Net.
18:57 of 3rd period - Puck is out of play.
18:58 of 3rd period - Doug Gilmour call a timeout for Bruins.
18:58 of 3rd period - Jonathan Toews wins face-off versus Steven Stamkos in Bruins zone.
18:58 of 3rd period - Jonathan Toews is hit by Sean Bergenheim.
19:10 of 3rd period - Slapshot by Steven Stamkos.
19:10 of 3rd period - Stopped by Josh Tordjman without a rebound.
19:11 of 3rd period - Jonathan Toews wins face-off versus Steven Stamkos in Bruins zone.
19:16 of 3rd period - Bruins, Josh Tordjman is pulled from the net.
19:18 of 3rd period - Wrist shot by Zack Kassian.
19:18 of 3rd period - Goal by Zack Kassian - Penguins : 2 - Bruins : 2.
19:18 of 3rd period - Josh Tordjman from Bruins was sent back in the game.
19:19 of 3rd period - Dave Bolland wins face-off versus Joe Colborne in neutral zone.
19:22 of 3rd period - Cal Clutterbuck is hit by Rene Bourque and loses puck.
19:29 of 3rd period - Snap shot by Dave Bolland.
19:29 of 3rd period - Shot Blocked by Sean Zimmerman.
19:31 of 3rd period - Slapshot by Kevin Bieksa.
19:31 of 3rd period - Stopped by Michal Neuvirth with a rebound.
19:33 of 3rd period - Slapshot by Kevin Bieksa.
19:33 of 3rd period - Stopped by Michal Neuvirth without a rebound.
19:34 of 3rd period - Mike Ribeiro wins face-off versus Logan Couture in Penguins zone.
19:39 of 3rd period - Wrist shot by Victor Oreskovich.
19:39 of 3rd period - Shot Misses the Net.
Goals for this period are 1 for Penguins vs 1 for Bruins.
Shots for this period are 15 for Penguins vs 14 for Bruins.
Overtime #1
0:01 of 1st overtime period - Steven Stamkos wins face-off versus Wojtek Wolski in neutral zone.
0:11 of 1st overtime period - Snap shot by Steven Stamkos.
0:11 of 1st overtime period - Stopped by Josh Tordjman with a rebound.
0:13 of 1st overtime period - Slapshot by Keith Aulie.
0:13 of 1st overtime period - Deflect By Andrew Cogliano.
0:13 of 1st overtime period - Shot Misses the Net.
0:13 of 1st overtime period - Puck is out of play.
0:14 of 1st overtime period - Wojtek Wolski wins face-off versus Steven Stamkos in Bruins zone.
0:49 of 1st overtime period - Jason Demers is hit by Andrew Cogliano and loses puck.
1:04 of 1st overtime period - Zack Kassian is hit by Claude Giroux and loses puck.
1:41 of 1st overtime period - Slapshot by Dave Bolland.
1:41 of 1st overtime period - Stopped by Michal Neuvirth with a rebound.
1:43 of 1st overtime period - Snap shot by Jason Demers.
1:43 of 1st overtime period - Deflect By Andrew Cogliano.
1:43 of 1st overtime period - Stopped by Michal Neuvirth with a rebound.
1:45 of 1st overtime period - Slapshot by Samuel Morin.
1:45 of 1st overtime period - Deflect By Dave Bolland.
1:45 of 1st overtime period - Stopped by Michal Neuvirth with a rebound.
2:14 of 1st overtime period - Steven Stamkos is hit by Samuel Morin and loses puck.
2:25 of 1st overtime period - Jonathan Toews is hit by Logan Couture and loses puck.
2:47 of 1st overtime period - Icing by Zack Kassian.
2:48 of 1st overtime period - Logan Couture wins face-off versus T.J Galiardi in Bruins zone.
4:23 of 1st overtime period - Victor Hedman is hit by Johnny Boychuk and loses puck.
Goals for this period are 0 for Penguins vs 0 for Bruins.
Shots for this period are 1 for Penguins vs 3 for Bruins.
ShootOut
5:00 of 1st overtime period - Round #1.
5:00 of 1st overtime period - Penguins, Claude Giroux.
5:00 of 1st overtime period - Backhand shot by Claude Giroux.
5:00 of 1st overtime period - Stopped by Josh Tordjman.
5:00 of 1st overtime period - Bruins, Wojtek Wolski.
5:00 of 1st overtime period - Wrist shot by Wojtek Wolski.
5:00 of 1st overtime period - Stopped by Michal Neuvirth.
5:00 of 1st overtime period - Round #2.
5:00 of 1st overtime period - Penguins, Steven Stamkos.
5:00 of 1st overtime period - Backhand shot by Steven Stamkos.
5:00 of 1st overtime period - Shot Misses the Net.
5:00 of 1st overtime period - Bruins, Jonathan Toews.
5:00 of 1st overtime period - Deke by Jonathan Toews.
5:00 of 1st overtime period - Stopped by Michal Neuvirth.
5:00 of 1st overtime period - Round #3.
5:00 of 1st overtime period - Penguins, Sean Bergenheim.
5:00 of 1st overtime period - Snap shot by Sean Bergenheim.
5:00 of 1st overtime period - Stopped by Josh Tordjman.
5:00 of 1st overtime period - Bruins, Zack Kassian.
5:00 of 1st overtime period - Wrist shot by Zack Kassian.
5:00 of 1st overtime period - Stopped by Michal Neuvirth.
5:00 of 1st overtime period - Round #4.
5:00 of 1st overtime period - Penguins, Andrew Cogliano.
5:00 of 1st overtime period - Deke by Andrew Cogliano.
5:00 of 1st overtime period - Stopped by Josh Tordjman.
5:00 of 1st overtime period - Bruins, Scott Hartnell.
5:00 of 1st overtime period - Deke by Scott Hartnell.
5:00 of 1st overtime period - Stopped by Michal Neuvirth.
5:00 of 1st overtime period - Round #5.
5:00 of 1st overtime period - Penguins, Marcus Foligno.
5:00 of 1st overtime period - Wrist shot by Marcus Foligno.
5:00 of 1st overtime period - Stopped by Josh Tordjman.
5:00 of 1st overtime period - Bruins, Victor Oreskovich.
5:00 of 1st overtime period - Deke by Victor Oreskovich.
5:00 of 1st overtime period - Stopped by Michal Neuvirth.
5:00 of 1st overtime period - Round #6.
5:00 of 1st overtime period - Penguins, Logan Couture.
5:00 of 1st overtime period - Deke by Logan Couture.
5:00 of 1st overtime period - Stopped by Josh Tordjman.
5:00 of 1st overtime period - Bruins, Mattias Tedenby.
5:00 of 1st overtime period - Wrist shot by Mattias Tedenby.
5:00 of 1st overtime period - Shot Misses the Net.
5:00 of 1st overtime period - Round #7.
5:00 of 1st overtime period - Penguins, Ales Hemsky.
5:00 of 1st overtime period - Snap shot by Ales Hemsky.
5:00 of 1st overtime period - Goal by Ales Hemsky.
5:00 of 1st overtime period - Bruins, Mike Ribeiro.
5:00 of 1st overtime period - Snap shot by Mike Ribeiro.
5:00 of 1st overtime period - Goal by Mike Ribeiro.
5:00 of 1st overtime period - Round #8.
5:00 of 1st overtime period - Penguins, Tuomo Ruutu.
5:00 of 1st overtime period - Wrist shot by Tuomo Ruutu.
5:00 of 1st overtime period - Goal by Tuomo Ruutu.
5:00 of 1st overtime period - Bruins, Jason Demers.
5:00 of 1st overtime period - Backhand shot by Jason Demers.
5:00 of 1st overtime period - Stopped by Michal Neuvirth.
Back to the Top